 Dungeon Crawl Stone Soup version 0.27-a0-1290-g15d3ce7508 (webtiles) character file.

Game seed: 13440777237272739099

2130 EldarEldrad the Destroyer (level 9, -3/45 HPs)
             Began as a Deep Elf Fire Elementalist on June 15, 2021.
             Was a Follower of Vehumet.
             Slain by a gnoll (12 damage)
             ... in a bailey.
             The game lasted 00:30:00 (7509 turns).

EldarEldrad the Destroyer (DEFE)                    Turns: 7509, Time: 00:30:01

Health: -3/45      AC:  8    Str: 11    XL:     9   Next: 8%
Magic:  16/23      EV: 12    Int: 24    God:    Vehumet [*.....]
Gold:   300        SH:  0    Dex: 15    Spells: 12/24 levels left

rFire    . . .     SeeInvis .   e - +1 dagger
rCold    . . .     Faith    .   (no shield)
rNeg     . . .     Spirit   .   a - +0 robe
rPois    .         Reflect  .   t - +0 helmet
rElec    .         Harm     .   C - +0 cloak
rCorr    .         Rampage  .   s - +0 pair of gloves
Will     .....                  z - +2 pair of boots
Stlth    ++........             (no amulet)
HPRegen  0.15/turn              c - ring of wizardry
MPRegen  0.18/turn              w - +6 ring of strength

@: no status effects
A: no striking features
a: Renounce Religion


You were in a bailey.
You worshipped Vehumet.
Vehumet was aware of your devotion.
You visited 2 branches of the dungeon, and saw 8 of its levels.
You also visited: Bailey.

You collected 350 gold pieces.
You spent 50 gold pieces at shops.

Inventory:

Hand Weapons
 e - a +1 dagger (weapon)
Missiles
 q - 3 curare-tipped darts
Armour
 a - a +0 robe (worn)
 s - a +0 pair of gloves (worn)
 t - a +0 helmet (worn)
 z - a +2 pair of boots (worn)
 C - a +0 cloak (worn)
Jewellery
 c - a ring of wizardry (left hand)
 j - a ring of resist corrosion
 w - a +6 ring of strength (right hand)
Wands
 b - a wand of flame (56)
Scrolls
 d - 3 scrolls of teleportation
 i - a scroll of enchant armour
 k - a scroll of torment
 m - a scroll of blinking
 n - a scroll of amnesia
 o - 2 scrolls of fog
 p - a scroll of holy word
 A - a scroll of brand weapon
Potions
 f - a potion of attraction
 g - 3 potions of curing
 h - 3 potions of lignification
 l - 3 potions of cancellation
 r - 3 potions of haste
 u - a potion of magic {unknown}
 v - 2 potions of invisibility
 B - a potion of flight


   Skills:
 - Level 2.4 Dodging
 - Level 2.4 Stealth
 + Level 8.4 Spellcasting
 * Level 9.3 Conjurations
 + Level 7.3 Fire Magic


You had 12 spell levels left.
You knew the following spells:

 Your Spells              Type           Power      Damage    Failure   Level
a - Foxfire               Conj/Fire      100%       2x1d9     1%          1
b - Searing Ray           Conj           100%       3d7       1%          2
c - Sticky Flame          Conj/Fire      50%        2d7       1%          4
d - Fireball              Conj/Fire      25%        3d11      2%          5

Your spell library contained the following spells:

 Spells                   Type           Power      Damage    Failure   Level
 Freeze                   Ice            40%        1d6       2%          1
 Magic Dart               Conj           100%       1d8       1%          1
 Conjure Flame            Conj/Fire      50%        6-21      1%          3
 Dazzling Flash           Conj/Hex       64%        N/A       1%          3
 Inner Flame              Hex/Fire       27%        N/A       1%          3
 Fulminant Prism          Conj/Hex       16%        3d11      3%          4
 Iskenderun's Mystic Bla  Conj/Tloc      32%        2d8       3%          4


Dungeon Overview and Level Annotations

Branches:
Dungeon (7/15)             Temple (1/1) D:5          Bailey (1/1)

Altars:
Ashenzari
Elyvilon
Fedhas
Gozag
Kikubaaqudgha
Nemelex Xobeh
Okawaru
Ru
Sif Muna
Trog
Uskayaw
Vehumet
Xom
Zin
The Shining One
Beogh

Shops:
D:3 [[*

Annotations:
D:7 Joseph


Message History

The hobgoblin throws a boomerang.
The boomerang barely misses you.
The hobgoblin throws a boomerang.
The boomerang hits you.
You hear a shout!
The searing ray hits the hobgoblin!
You kill the hobgoblin!
Vehumet accepts your kill.
You hear a shout!
Unknown command.
The searing ray hits the gnoll!
The gnoll is heavily wounded.
A kobold comes into view.
Unknown command.
The searing ray hits the gnoll!
The gnoll is severely wounded.
You finish channeling your searing ray.
The gnoll hits you from afar with a +2 halberd of electrocution!
Casting: Searing Ray (safe; 1% risk of failure)
Confirm with . or Enter, or press ? or * to list all spells.
Aiming: Searing Ray (safe; 1% risk of failure)
Press: ? - help, Shift-Dir - straight line, f - gnoll
Aim: a gnoll, wielding a +2 halberd of electrocution (severely wounded, 85% to hit)
The searing ray misses the gnoll. (Press . to maintain the ray.)
The gnoll hits you from afar with a +2 halberd of electrocution!
You are electrocuted!
* * * LOW HITPOINT WARNING * * *
The searing ray hits the gnoll!!
You kill the gnoll!
Vehumet accepts your kill.
You feel your power returning.
The searing ray hits the gnoll!
You kill the gnoll!
Vehumet accepts your kill.
The searing ray hits the kobold!
You kill the kobold!
Vehumet accepts your kill.
A gnoll comes into view.
It is wielding a +2 halberd of electrocution.
The hobgoblin throws a boomerang.
The boomerang barely misses you.
The searing ray misses the gnoll.
The gnoll hits you from afar with a +0 halberd!
You die...

#.###.# '##'
+##'##'## #g..
#.....## #....
###.....###
'..(.
#.'..∩..'.#
..)g
###...(.###
.g# ##....(##
#'###)##'##'##
#@'(###.###∩#
##### ### ###


You could see 2 gnolls and a hobgoblin.

Vanquished Creatures
  Grinder (D:4)
  Eustachio (D:6)
  Menkaure (D:7)
  2 sky beasts
  A necrophage (D:7)
  An orc warrior (D:6)
  A black bear (D:6)
  2 ice beasts (D:6)
  A phantom (D:5)
  Blork the orc (D:6)
  A bullfrog (D:3)
  A scorpion (D:4)
  2 electric eels (D:7)
  A bullfrog zombie (D:5)
  2 hounds
  3 orc priests (D:6)
  Crazy Yiuf (D:6)
  A jelly (D:6)
  A centaur skeleton (D:6)
  Ijyb (D:4)
  5 orc wizards
  Terence (D:2)
  A hound skeleton (D:4)
  Robin (D:4)
  2 howler monkey skeletons
  8 gnolls
  4 adders
  3 worms
  3 dart slugs
  27 orcs
  5 ball pythons
  4 bats
  9 endoplasms
  13 goblins
  13 hobgoblins
  12 jackals
  13 kobolds
  3 quokkas
  11 frilled lizards
  7 rats
171 creatures vanquished.

Vanquished Creatures (collateral kills)
  3 foxfires
3 creatures vanquished.

Vanquished Creatures (others)
  438 foxfires
  2 fungi (D:6)
  39 plants
  4 toadstools (D:7)
483 creatures vanquished.

Grand Total: 657 creatures vanquished

Notes
Turn   | Place    | Note
-------+----------+-------------------------------------------
     0 | D:1      | EldarEldrad the Deep Elf Fire Elementalist began the quest
                  | for the Orb.
     0 | D:1      | Reached XP level 1. HP: 10/10 MP: 6/6
   153 | D:1      | Reached XP level 2. HP: 15/15 MP: 1/8
   249 | D:1      | Reached skill level 2 in Conjurations
   651 | D:1      | Learned a level 2 spell: Searing Ray
   665 | D:1      | Reached XP level 3. HP: 19/19 MP: 8/10
  1069 | D:2      | Noticed Terence
  1403 | D:2      | Reached skill level 3 in Conjurations
  1409 | D:2      | Killed Terence
  1410 | D:2      | Reached XP level 4. HP: 18/24 MP: 4/12
  2020 | D:3      | Found a white marble altar of Elyvilon.
  2032 | D:3      | Reached XP level 5. HP: 28/28 MP: 8/13
  2095 | D:3      | Found a faded altar of an unknown god.
  2160 | D:3      | Reached skill level 4 in Conjurations
  2326 | D:3      | Learned a level 4 spell: Sticky Flame
  2332 | D:3      | Learned a level 5 spell: Fireball
  2343 | D:3      | Found Nufot's General Store.
  2351 | D:3      | Bought a scroll of fog for 20 gold pieces
  2351 | D:3      | Bought a potion of curing for 30 gold pieces
  2512 | D:3      | Found a glowing silver altar of Zin.
  2512 | D:3      | Found an iron altar of Okawaru.
  2512 | D:3      | Found a sparkling altar of Nemelex Xobeh.
  2553 | D:3      | Found Couduamo's Antique Armour Shop.
  2561 | D:3      | Found Emubief's Antique Armour Shop.
  2832 | D:3      | Reached XP level 6. HP: 32/32 MP: 12/15
  3292 | D:4      | Noticed Ijyb
  3304 | D:4      | Killed Ijyb
  3305 | D:4      | Reached skill level 5 in Spellcasting
  3794 | D:4      | Reached skill level 5 in Conjurations
  3831 | D:4      | Noticed Grinder
  3942 | D:4      | Killed Grinder
  3943 | D:4      | Reached skill level 5 in Fire Magic
  3943 | D:4      | Reached XP level 7. HP: 32/36 MP: 5/17
  4100 | D:4      | Found a broken altar of Ashenzari.
  4139 | D:4      | Reached skill level 6 in Conjurations
  4437 | D:4      | Noticed Robin
  4438 | D:4      | Killed Robin
  4762 | D:5      | Entered Level 5 of the Dungeon
  4831 | D:5      | Found a staircase to the Ecumenical Temple.
  4881 | Temple   | Entered the Ecumenical Temple
  4927 | Temple   | Became a worshipper of Vehumet
  5517 | D:6      | Noticed Blork the orc
  5581 | D:6      | Killed Blork the orc
  5582 | D:6      | Reached skill level 7 in Conjurations
  5627 | D:6      | Reached XP level 8. HP: 37/41 MP: 12/20
  6205 | D:6      | Reached skill level 8 in Conjurations
  6240 | D:6      | Noticed Eustachio
  6255 | D:6      | Killed Eustachio
  6396 | D:6      | Found a blossoming altar of Fedhas.
  6427 | D:6      | Reached * piety under Vehumet
  6427 | D:6      | Offered knowledge of Freeze by Vehumet.
  6606 | D:6      | Found a runed translucent door.
  6607 | D:6      | Noticed Crazy Yiuf
  6612 | D:6      | Killed Crazy Yiuf
  6745 | D:7      | Noticed a troll
  6755 | D:7      | Reached skill level 9 in Conjurations
  6865 | D:7      | Noticed Joseph
  7163 | D:7      | Reached XP level 9. HP: 45/45 MP: 19/23
  7203 | D:7      | Noticed Menkaure
  7208 | D:7      | Killed Menkaure
  7358 | D:7      | Found a flagged portal.
  7381 | Bailey   | Entered a bailey
  7509 | Bailey   | Slain by a gnoll

Illustrated notes

Levels and vault maps discovered:
D:1:      dpeg_arrival_boxes_within_box, layout_rooms, minmay_lizard_king
D:2:      layout_rooms, uniq_terence
D:3:      minmay_spotlight, layout_basic, elyvilon_altar_5,
          gammafunk_temple_overflow_claw, serial_shops, shop,
          nicolae_shop_waterfront, nicolae_shop_crystal,
          ebering_ecumenical_altar_mist
D:4:      layout_basic, nicolae_ashenzari_panopticon, serial_bayou,
          serial_bayou_lagoon_a, serial_bayou_pond_e, serial_bayou_shore_b,
          serial_bayou_pond_c, serial_bayou_pond_b, uniq_robin, uniq_ijyb,
          uniq_grinder
D:5:      layout_basic, temple_doors_cd
D:6:      layout_rooms, fedhas_ov_isle_minmay, lemuel_old_faithful,
          uniq_blork_the_orc, uniq_crazy_yiuf_cottage, uniq_eustachio
D:7:      gammafunk_beogh_shrine, layout_gridville, enter_bailey_4,
          gammafunk_ghost_nasty_kobolds, minmay_shop_grid_forest,
          kennysheep_another_room, minmay_shop_chei, minmay_gold_behind_fungi,
          lightli_minifort, uniq_menkaure, uniq_joseph
Temple:   jpeg_temple_island
Bailey:   bailey_axe_2, bailey

Skill      XL: |  1  2  3  4  5  6  7  8 |
---------------+-------------------------+-----
Conjurations   | 2 3 4 5 7 9 |  9.3
Spellcasting   | 4 5 6 8 |  8.4
Fire Magic     | 4 5 6 7 |  7.3
Dodging        | |  2.4
Stealth        | |  2.4

Action                   |  1- 3 |  4- 6 |  7- 9 || total
-------------------------+-------+-------+-------++-------
Melee: Dagger            |       |       |     2 ||     2
 Cast: Foxfire           |    66 |    77 |   126 ||   269
       Searing Ray       |       |     5 |    12 ||    17
       Sticky Flame      |       |     2 |     5 ||     7
       Fireball          |       |       |     4 ||     4
  Use: Scroll            |       |     5 |    11 ||    16
Armor: Robe              |     2 |     3 |     4 ||     9
Dodge: Dodged            |    19 |     5 |    11 ||    35

Table legend: (Time is in decaauts)
 A = Elapsed time spent in this place.
 B = Non-inter-level travel time spent in this place.
 C = Inter-level travel time spent in this place.
 D = Time resting spent in this place.
 E = Time spent auto-exploring this place.
 F = Levels seen in this place.
 G = Mean time per level.
                   A        B        C        D        E       F      G
               +--------+--------+--------+--------+--------+-----+--------+
         Total |   7576 |   7217 |    359 |   2006 |   4084 |   9 |  841.8 |
       Dungeon |   7208 |   6857 |    351 |   1932 |   3861 |   7 | 1029.7 |
        Temple |    240 |    232 |      8 |      0 |    223 |   1 |  240.0 |
        Bailey |    127 |    127 |      0 |     74 |      0 |   1 |  127.0 |
               +--------+--------+--------+--------+--------+-----+--------+

Top non-repeatable levels by time:
     D:4: 1523 daAuts
     D:6: 1459 daAuts
     D:3: 1305 daAuts
     D:1: 1067 daAuts
     D:2: 886 daAuts
     D:5: 589 daAuts
     D:7: 375 daAuts
  Temple: 240 daAuts
  Bailey: 127 daAuts
